[Event "World Junior U20 Girls 2018"]
[Site "Gebze"]
[Date "2018.09.13"]
[Round "9"]
[White "Nomin-Erdene, Davaademberel"]
[Black "Wafa, Shahenda"]
[Result "1-0"]
[ECO "B67"]
[WhiteElo "2377"]
[BlackElo "2129"]
[Annotator "ChessBase"]
[PlyCount "133"]
[EventDate "2018.09.05"]
[EventType "swiss"]
[EventCountry "TUR"]
[SourceTitle "playchess.com"]
[Source "ChessBase"]
[SourceQuality "1"]
[TimeControl "40/5400+30:1800+30"]

1. e4 c5 2. Nf3 d6 3. d4 cxd4 4. Nxd4 Nf6 5. Nc3 Nc6 6. Bg5 e6 7. Qd2 a6 8. O-O-O Bd7 9. f3 b5 10. g4 Be7 11. Be3 b4 12. Nce2 Qc7 13. g5 Nh5 14. Nxc6 Qxc6 15. Nd4 Qb7 16. f4 g6 17. Be2 a5 18. e5 d5 19. f5 a4 20. fxe6 fxe6 21. Bxh5 b3 22. Kb1 gxh5 23. cxb3 axb3 24. Nxb3 O-O 25. g6 hxg6 26. Rhg1 Be8 27. Qc2 Kg7 28. Nd4 Qa6 29. b3 Kh8 30. Bc1 g5 31. Rg2 Rg8 32. Ka1 Bg6 33. Qe2 Qxe2 34. Rxe2 Ra6 35. a4 h4 36. Rg2 Be4 37. Rf2 Rg7 38. Ka2 g4 39. Rf4 g3 40. hxg3 hxg3 41. Be3 Kh7 42. Bg1 Bd8 43. Nb5 Be7 44. Nc3 Bc2 45. Rdf1 Ra8 46. Kb2 Bd3 47. R1f3 Ba6 48. b4 Bc4 49. b5 Bb4 50. b6 Bxc3+ 51. Kxc3 Rxa4 52. Rf7 Ra3+ 53. Kd4 Rxf3 54. Rxf3 Ba6 55. Rf6 Rg6 56. Rf8 Bb7 57. Kc5 Rg7 58. Rf4 g2 59. Kd6 Bc8 60. Rf8 Bb7 61. Kxe6 Rg6+ 62. Rf6 Kh6 63. Rxg6+ Kxg6 64. Kd7 Ba6 65. e6 Bb5+ 66. Kd8 Bc6 67. e7 1-0

[Event "World Junior U20 Girls 2018"]
[Site "Gebze"]
[Date "2018.09.13"]
[Round "9"]
[White "Assaubayeva, Bibisara"]
[Black "Khomeriki, Nino"]
[Result "1-0"]
[ECO "C55"]
[WhiteElo "2371"]
[BlackElo "2313"]
[Annotator "NA"]
[PlyCount "79"]
[EventDate "2018.09.05"]
[EventType "swiss"]
[EventCountry "TUR"]
[SourceTitle "playchess.com"]
[Source "ChessBase"]
[SourceQuality "1"]
[TimeControl "40/5400+30:1800+30"]

1. e4 e5 2. Nf3 Nc6 3. Bc4 Nf6 4. d3 Be7 5. O-O O-O 6. Re1 d6 7. a4 Kh8 8. a5 {[%emt 0:00:30] C55: Two Knights: 4 d3, 4 d4 exd4 5 e5 and Max Lange Attack} (8. Nc3 Ng8 9. Nd5 f5 10. h3 fxe4 11. dxe4 Nf6 12. a5 a6 13. Ra3 Be6 14. Nxf6 Bxc4 15. Nd5 Bb5 {½-½ (67) Caruana,F (2822)-Grischuk,A (2766) Saint Louis 2018}) 8... a6 9. h3 Ng8 10. Nc3 f5 11. Nd5 Bf6 12. c3 h6 13. exf5 $146 ({Predecessor:} 13. b4 Nce7 14. Nxf6 Nxf6 15. Nh4 fxe4 16. dxe4 {1-0 (43) Kashlinskaya,A (2419)-Semenova,E (2215) Konya 2014}) 13... Bxf5 14. d4 exd4 15. cxd4 Qd7 16. Be3 Be4 17. Nxf6 Nxf6 18. Nd2 Bd5 19. Bd3 Nb4 20. Bb1 Be6 21. Nf3 Nfd5 22. Nh4 Rf6 23. Bd2 Nc6 24. Ra3 Qf7 25. Rg3 Nce7 26. Qc2 $11 g5 27. Rf3 Rxf3 28. Nxf3 Bf5 29. Qb3 Bxb1 30. Qxb7 Rg8 31. Rxb1 g4 32. hxg4 Qg6 33. Rf1 Qxg4 34. Ne1 Qe2 35. Bxh6 Kh7 36. Bc1 Qc4 37. Nf3 Qd3 38. Ne1 Qd1 39. Be3 Kh8 40. Qxa6 1-0

[Event "World Junior U20 Girls 2018"]
[Site "Gebze"]
[Date "2018.09.13"]
[Round "9"]
[White "Hojjatova, Aydan"]
[Black "Potapova, Margarita"]
[Result "0-1"]
[ECO "D00"]
[WhiteElo "2356"]
[BlackElo "2277"]
[Annotator "NA"]
[PlyCount "102"]
[EventDate "2018.09.05"]
[EventType "swiss"]
[EventCountry "TUR"]
[SourceTitle "playchess.com"]
[Source "ChessBase"]
[SourceQuality "1"]
[TimeControl "40/5400+30:1800+30"]

1. d4 Nf6 2. Bg5 d5 3. Bxf6 exf6 4. e3 c6 5. c4 dxc4 6. Bxc4 Bd6 7. Nc3 O-O 8. Qc2 {[%emt 0:00:00] D00: 1 d4 d5: Unusual lines} (8. Nf3 Nd7 9. Qc2 Bc7 10. Bd3 h6 11. h4 Nb6 12. h5 Nd5 13. a3 Nxc3 14. bxc3 Re8 15. Rb1 Qd6 16. a4 {1-0 (42) Nakamura,H (2784)-Andreikin,D (2713) Moscow 2013}) 8... Nd7 {[%emt 0:13:30] LiveBook: 4 Games} 9. Bd3 g6 10. h4 f5 11. h5 Nf6 12. hxg6 hxg6 13. Nf3 Qe7 14. O-O-O b5 $146 ({Predecessor:} 14... Kg7 15. Kb1 Bd7 16. Ng5 {½-½ (29) Rusanov,M (2440)-Novik,M (2467) St Petersburg 2013}) 15. g4 Nxg4 16. Rdg1 Kg7 17. e4 fxe4 18. Nxe4 f5 19. Neg5 Bf4+ 20. Kb1 Bxg5 {[%emt 0:00:30] [#]} 21. Nxg5 (21. Re1 $1 $16 Be3 22. fxe3) 21... Qxg5 22. Qxc6 Qf6 23. Qxa8 Nxf2 24. Rc1 Qxd4 25. Bxb5 Nxh1 26. Qxh1 Be6 27. Bc6 f4 28. Qh4 Qf6 29. Qf2 Rf7 30. Ka1 Rc7 31. Rc3 Bf7 32. Qf3 Qe6 33. b3 Qe5 34. Kb2 Qf6 35. Qe4 Re7 36. Qb4 Re3 37. Kc2 Re2+ 38. Kb1 Qf5+ 39. Ka1 Qe5 40. Qc5 Qf6 41. Kb1 g5 42. Bf3 Bg6+ 43. Kc1 Rxa2 44. Qc7+ Kh6 45. Be4 Ra1+ 46. Kb2 Re1 47. Bxg6 Kxg6 48. Kc2 Re7 49. Qc4 Qe6 $19 50. Qd3+ Qe4 51. Rc6+ Kh5 0-1

[Event "World Junior U20 Girls 2018"]
[Site "Gebze"]
[Date "2018.09.13"]
[Round "9"]
[White "Gorti, Akshita"]
[Black "Nurgali, Nazerke"]
[Result "0-1"]
[ECO "E18"]
[WhiteElo "2315"]
[BlackElo "2080"]
[Annotator "NA"]
[PlyCount "120"]
[EventDate "2018.09.05"]
[EventType "swiss"]
[EventCountry "TUR"]
[SourceTitle "playchess.com"]
[Source "ChessBase"]
[SourceQuality "1"]
[TimeControl "40/5400+30:1800+30"]

1. d4 Nf6 2. c4 e6 3. Nc3 d5 4. Nf3 Be7 5. g3 O-O 6. Bg2 b6 7. O-O Bb7 8. Ne5 Na6 9. Bf4 c5 {[%emt 0:01:30] E18: Damenindisch (Hauptfortsetzung)} 10. Rc1 (10. cxd5 exd5 11. Rc1 Re8 12. Qa4 cxd4 13. Qxd4 Bc5 14. Qa4 g5 15. Nxf7 Kxf7 16. Bxg5 Qd7 17. Qh4 Qf5 18. Bxf6 Qxf6 19. Qxh7+ Qg7 {1-0 (54) Ponomariov,R (2764)-Bruzon Batista,L (2673) Khanty-Mansiysk 2011}) 10... Nc7 11. dxc5 Bxc5 $146 ({Vorgänger:} 11... bxc5) 12. Na4 Bd6 13. c5 bxc5 14. Nxc5 Bxc5 15. Rxc5 Qe7 16. Qd4 Na6 17. Rcc1 Rfc8 {[%emt 0:10:30] [#]} (17... Rfd8 $142) 18. Rxc8+ $1 Bxc8 19. Rc1 Bb7 20. Nc6 Qe8 21. Na5 Qb5 22. Nxb7 Qxb7 23. a3 Nd7 24. b4 Re8 25. Bd6 Qb6 26. Qxb6 Nxb6 27. b5 Rd8 28. Bf4 Nb8 29. Rc7 Rd7 30. Rc5 Rd8 31. Bxb8 Rxb8 32. Rc7 Ra8 33. e3 Kf8 34. Bf1 Ke8 35. Bd3 h6 36. Kf1 Nd7 37. Ke2 Kd8 38. Rc3 Nb6 39. Bc2 Rc8 40. Rxc8+ Kxc8 41. a4 Kc7 42. Kd3 Kd6 43. Kc3 Kc5 $1 44. Bb3 Nd7 45. Bc2 Nf6 46. h3 Nd7 47. f4 f6 48. g4 e5 49. h4 {[%emt 0:00:46] [#]} g5 $1 50. hxg5 hxg5 51. fxg5 fxg5 52. Bd1 Nf6 53. Bf3 {[%emt 0:00:00] [#]} Ne8 $1 54. Be2 Nc7 55. Bd1 Ne6 56. Bc2 Nd8 57. Bd1 Nb7 58. Be2 Nd6 59. Bd3 $19 e4 60. Be2 Nc4 0-1

[Event "World Junior U20 Girls 2018"]
[Site "Gebze"]
[Date "2018.09.13"]
[Round "9"]
[White "Unuk, Laura"]
[Black "Meenal Gupta"]
[Result "1-0"]
[ECO "E11"]
[WhiteElo "2299"]
[BlackElo "1963"]
[Annotator "NA"]
[PlyCount "57"]
[EventDate "2018.09.05"]
[EventType "swiss"]
[EventCountry "TUR"]
[SourceTitle "playchess.com"]
[Source "ChessBase"]
[SourceQuality "1"]
[TimeControl "40/5400+30:1800+30"]

1. d4 Nf6 2. c4 e6 3. Nf3 Bb4+ 4. Nbd2 b6 5. a3 Bxd2+ 6. Qxd2 a5 {[%emt 0:04:30] E11: Bogo-Indian} (6... Ba6 7. Qc2 d5 8. cxd5 Qxd5 9. g3 Nbd7 10. Bg2 Rc8 11. Bf4 c5 12. Qa4 Qc4 13. Qxc4 Bxc4 14. dxc5 Nxc5 {½-½ (23) Navara,D (2737)-Miton,K (2612) Czech Republic 2017}) 7. b3 d6 8. e3 Bb7 9. Be2 Nbd7 10. Bb2 {[%emt 0:00:30] LiveBook: 36 Games} Qe7 11. Qc2 Be4 $146 ({Predecessor:} 11... O-O 12. O-O Ne4 13. Nd2 Nxd2 14. Qxd2 {½-½ (22) Husari,S (2334)-Werner,D (2359) Budapest 2003}) 12. Bd3 Bxf3 13. gxf3 e5 14. O-O-O c5 15. dxe5 Nxe5 16. Be4 O-O-O 17. f4 Ng6 18. Bf5+ Kc7 19. Rhg1 Ne8 (19... Rhg8 $16 20. Kb1 Rde8) 20. Be4 f6 21. Qd3 Nf8 22. Qd5 Rb8 23. Bf3 Qe6 24. Qc6+ Kd8 25. e4 h5 26. e5 fxe5 27. fxe5 Rh6 28. exd6 $18 Qf7 29. Rge1 1-0

[Event "World Junior U20 Girls 2018"]
[Site "Gebze"]
[Date "2018.09.13"]
[Round "9"]
[White "Antova, Gabriela"]
[Black "Varshini, V."]
[Result "0-1"]
[ECO "D37"]
[WhiteElo "2292"]
[BlackElo "2173"]
[Annotator "NA"]
[PlyCount "76"]
[EventDate "2018.09.05"]
[EventType "swiss"]
[EventCountry "TUR"]
[SourceTitle "playchess.com"]
[Source "ChessBase"]
[SourceQuality "1"]
[TimeControl "40/5400+30:1800+30"]

1. d4 d5 2. Nf3 Nf6 3. c4 e6 4. Nc3 Be7 5. Bf4 O-O 6. e3 a6 7. cxd5 exd5 8. Bd3 {[%emt 0:00:00] D37: Damengambit (5.Lf4)} Nbd7 (8... Bg4 9. h3 Bxf3 10. Qxf3 c6 11. g4 Bd6 12. g5 Ne8 13. h4 Bxf4 14. Qxf4 Nd6 15. O-O-O f5 {½-½ (65) Moiseenko,A (2713)-Dubov,D (2629) Warsaw 2013}) 9. Rc1 c6 10. Qc2 Re8 11. O-O Nf8 12. h3 Ng6 13. Bh2 Bd6 14. Bxd6 Qxd6 15. Rb1 Bd7 $146 ({Vorgänger:} 15... Qe7 16. b4 Ne4 17. Ne2 Nh4 18. Bxe4 dxe4 19. Nxh4 Qxh4 20. f4 Bxh3 21. gxh3 Qxh3 22. Kf2 Qh4+ 23. Kg2 Re6 24. Ng3 Rg6 {1-0 (40) Menezes,C (2261)-Proyer,E (1911) Feldkirch 2013}) 16. b4 Re7 17. Na4 Rae8 18. Nc5 Bc8 19. Nd2 $2 {[%emt 0:03:30] [#]} (19. a4 $14 {keeps the upper hand.}) 19... Nh4 $19 20. Rfc1 Bxh3 21. gxh3 Rxe3 22. Bf1 Rg3+ 23. Kh1 Re2 24. Nde4 Nxe4 25. Nxe4 Rg1+ 26. Kxg1 Qg6+ 27. Ng3 Rxc2 28. Rxc2 Qxc2 29. Rb3 f5 30. Ne2 Qxa2 31. Re3 Qd2 32. Nf4 Qxd4 33. Nd3 f4 34. Re7 Nf3+ 35. Kg2 Nd2 36. Ne5 Kf8 37. Re6 Nxf1 38. Kxf1 Qxb4 0-1

[Event "World Junior U20 Girls 2018"]
[Site "Gebze"]
[Date "2018.09.13"]
[Round "9"]
[White "Chitlange Sakshi"]
[Black "Tsolakidou, Stavroula"]
[Result "0-1"]
[ECO "A63"]
[WhiteElo "2279"]
[BlackElo "2393"]
[Annotator "NA"]
[PlyCount "120"]
[EventDate "2018.09.05"]
[EventType "swiss"]
[EventCountry "TUR"]
[SourceTitle "playchess.com"]
[Source "ChessBase"]
[SourceQuality "1"]
[TimeControl "40/5400+30:1800+30"]

1. d4 Nf6 2. c4 e6 3. Nf3 c5 4. d5 d6 5. Nc3 exd5 6. cxd5 g6 7. g3 Bg7 8. Bg2 O-O 9. O-O a6 10. a4 Nbd7 11. Bf4 Qe7 12. h3 Re8 13. Re1 {[%emt 0:05:30] A63: Benoni (mit 7.g3)} h6 (13... Nh5 14. Bg5 Qf8 15. e4 h6 16. Bd2 Rb8 17. a5 Nhf6 18. Qc2 b5 19. axb6 Nxb6 {0-1 (49) Kurnosov,I (2660)-Kokarev,D (2604) Vladivostok 2012}) 14. e4 Nh5 15. Be3 Rb8 16. Qc1 $146 ({Vorgänger:} 16. Bf1 Ne5 17. Nxe5 Qxe5 18. f4 Qe7 19. g4 {1-0 (60) Kiss,A (2360)-Bach,E Wuerzburg 1989}) 16... Qf8 17. Bd2 c4 18. Bf1 Nc5 19. Bxc4 Bxh3 20. b4 Nd7 21. Ra2 Rbc8 22. Be2 Bxc3 23. Bxc3 Rxe4 24. Rc2 Bg4 25. Kg2 Rce8 26. Nd4 Bxe2 27. Rcxe2 Rxe2 28. Rxe2 Kh7 29. Bd2 Rxe2 30. Nxe2 Qe7 31. Nc3 Nb6 32. Bxh6 Nxd5 33. Bg5 Qe6 34. Nxd5 Qxd5+ 35. Kg1 Qf5 36. Be3 Qf3 37. Bd4 Nxg3 38. fxg3 Qxg3+ 39. Kf1 Qd3+ 40. Kg2 Qxd4 41. Qc7 Qd5+ 42. Kg3 Kg7 43. b5 axb5 44. axb5 Qxb5 45. Qxd6 Qg5+ 46. Kh3 b5 47. Qd4+ Qf6 48. Qb4 Qe6+ 49. Kg3 Qc4 50. Qb2+ Kg8 51. Qe5 b4 52. Kf2 Qc3 53. Qe8+ Kg7 54. Qa4 b3 55. Qa3 Qc2+ 56. Kg3 b2 57. Qa5 Qd3+ 58. Kg2 Qe2+ 59. Kg3 b1=Q 60. Qc3+ Kh7 0-1

[Event "World Junior U20 Girls 2018"]
[Site "Gebze"]
[Date "2018.09.13"]
[Round "9"]
[White "Sliwicka, Alicja"]
[Black "Beydullayeva, Govhar"]
[Result "1/2-1/2"]
[ECO "B53"]
[WhiteElo "2272"]
[BlackElo "2202"]
[Annotator "ChessBase"]
[PlyCount "92"]
[EventDate "2018.09.05"]
[EventType "swiss"]
[EventCountry "TUR"]
[SourceTitle "playchess.com"]
[Source "ChessBase"]
[SourceQuality "1"]
[TimeControl "40/5400+30:1800+30"]

1. e4 c5 2. Nf3 d6 3. d4 Nf6 4. dxc5 Nxe4 5. cxd6 Nc6 6. Nbd2 Nxd6 7. Nc4 e5 8. c3 f6 9. Qb3 Qc7 10. Nxd6+ Bxd6 11. Be3 Bg4 12. Be2 Qe7 13. h3 Be6 14. Bc4 Bxc4 15. Qxc4 Qf7 16. Nd2 f5 17. f3 O-O 18. Ke2 Rac8 19. Qxf7+ Kxf7 20. Rhc1 Rfe8 21. b4 Ne7 22. a3 Nd5 23. c4 Nxe3 24. Kxe3 b6 25. Rc2 Be7 26. Rd1 Red8 27. Ke2 Rd4 28. Nf1 Rdxc4 29. Rxc4 Rxc4 30. Ne3 Rc7 31. Nxf5 g6 32. Ne3 Ke6 33. Rd3 Rc1 34. Kf2 Bg5 35. g3 b5 36. h4 Bxe3+ 37. Kxe3 h5 38. f4 Rc4 39. fxe5 Kxe5 40. Kf3 Rc1 41. Re3+ Kf5 42. Rd3 a6 43. Rd5+ Ke6 44. Rd3 Kf5 45. Rd5+ Ke6 46. Rd3 Kf5 1/2-1/2

[Event "World Junior U20 Girls 2018"]
[Site "Gebze"]
[Date "2018.09.13"]
[Round "9"]
[White "Alinasab, Mobina"]
[Black "Lingur, Zalina"]
[Result "0-1"]
[ECO "C06"]
[WhiteElo "2261"]
[BlackElo "2061"]
[Annotator "NA"]
[PlyCount "76"]
[EventDate "2018.09.05"]
[EventType "swiss"]
[EventCountry "TUR"]
[SourceTitle "playchess.com"]
[Source "ChessBase"]
[SourceQuality "1"]
[TimeControl "40/5400+30:1800+30"]

1. e4 e6 2. d4 d5 3. Nd2 Be7 4. Ngf3 Nf6 5. e5 Nfd7 6. Bd3 c5 7. c3 Nc6 8. O-O a5 9. Re1 cxd4 10. cxd4 Qb6 11. Nb1 {[%emt 0:01:30] C06: French Tarrasch: 3...Nf6 4 e5 Nfd7 5 Bd3 main lines} (11. a4 Nxd4 12. Nxd4 Qxd4 13. Nf3 Qb6 14. Be3 Nc5 15. Bb5+ Bd7 16. Nd4 Bxb5 17. Nxb5 O-O 18. Qg4 Rfc8 {0-1 (33) Naroditsky,D (2631)-So,W (2779) ICC INT 2015}) 11... Nxd4 12. Nxd4 Qxd4 13. Nc3 Bc5 14. Be3 Qh4 15. Nb5 O-O 16. Rc1 $146 ({Predecessor:} 16. g3 Qe7 17. Rc1 b6 18. Bf4 f6 19. exf6 Nxf6 {0-1 (48) Nigmatov,O (2331)-Kotsur,P (2552) Tashkent 2017}) 16... b6 17. Bb1 Bb7 18. Bxc5 bxc5 19. Rc3 g6 20. Qc1 Rab8 21. Rh3 {[%emt 0:06:30] [#]} Qe7 $1 22. Qh6 f5 23. exf6 Rxf6 24. Rg3 Qg7 25. Qd2 Rbf8 26. f3 Bc6 27. Nc3 Qf7 28. h4 $17 (28. Nd1 $142) 28... Kh8 29. Nd1 Rf4 30. Nf2 e5 31. Ng4 e4 32. fxe4 d4 33. Bd3 Qe6 34. Nh2 Ne5 35. Bb1 Qf6 36. Qxa5 Qxh4 37. Rh3 Qf2+ 38. Kh1 Nc4 0-1

[Event "World Junior U20 Girls 2018"]
[Site "Gebze"]
[Date "2018.09.13"]
[Round "9"]
[White "Haussernot, Cecile"]
[Black "Cramling Bellon, Anna"]
[Result "1-0"]
[ECO "B40"]
[WhiteElo "2237"]
[BlackElo "2009"]
[Annotator "NA"]
[PlyCount "67"]
[EventDate "2018.09.05"]
[EventType "swiss"]
[EventCountry "TUR"]
[SourceTitle "playchess.com"]
[Source "ChessBase"]
[SourceQuality "1"]
[TimeControl "40/5400+30:1800+30"]

1. e4 c5 2. Nf3 e6 3. d4 cxd4 4. Nxd4 Nf6 5. Nd2 Nc6 {[%emt 0:16:00] B40: Sicilian: 2...e6, Unusual lines} (5... d6 6. Bb5+ Nbd7 7. O-O Be7 8. Re1 O-O 9. b3 Qc7 10. Bb2 Nc5 11. Bf1 Rd8 12. c4 a6 13. b4 {0-1 (42) Munoz Pantoja,M (2471)-Lopez Martinez,J (2547) Barcelona 2016}) 6. Nxc6 bxc6 7. e5 Nd5 8. c4 Nf4 $146 ({Predecessor:} 8... Nb4 9. Nf3 c5 10. a3 Nc6 11. Bd3 Qc7 12. O-O Bb7 13. Re1 {1-0 (33) Spielmann,R-Reti,R Karlsbad 1923}) 9. Nf3 Ng6 10. Bd2 Rb8 11. Bc3 c5 12. h4 Bb7 13. h5 Ne7 14. Be2 Nc6 15. Qd2 Be7 16. O-O-O Nb4 17. Bxb4 cxb4 18. Nd4 a6 19. f4 Qa5 20. Kb1 Be4+ 21. Bd3 Bxd3+ 22. Qxd3 O-O 23. Nb3 Qb6 24. Qxd7 Rb7 ({Black should play} 24... Rfe8 $1 $14) 25. Qd3 a5 26. Qe4 a4 27. Nd4 Rc7 28. Nb5 Rc5 29. Rd7 Re8 {[%emt 0:01:44] [#]} 30. Rxe7 $18 Rd8 31. Nd6 b3 32. a3 Rf8 33. Nxf7 Rc7 34. Ng5 1-0

[Event "World Junior U20 Girls 2018"]
[Site "Gebze"]
[Date "2018.09.13"]
[Round "9"]
[White "Maltsevskaya, Aleksandra"]
[Black "Dordzhieva, Dinara"]
[Result "1/2-1/2"]
[ECO "B13"]
[WhiteElo "2234"]
[BlackElo "2318"]
[Annotator "NA"]
[PlyCount "84"]
[EventDate "2018.09.05"]
[EventType "swiss"]
[EventCountry "TUR"]
[SourceTitle "playchess.com"]
[Source "ChessBase"]
[SourceQuality "1"]
[TimeControl "40/5400+30:1800+30"]

1. e4 c6 2. d4 d5 3. exd5 cxd5 4. Bd3 Nc6 5. c3 Qc7 6. Qb3 Nxd4 $1 {[%emt 0:09:00] LiveBook: 3 Partien B13: Caro-Kann: Exchange Variation and Panov-Botvinnik Attack} 7. Qxd5 e5 8. Na3 $146 ({Predecessor:} 8. Nf3 Ne7 9. Bb5+ Nxb5 10. Qxb5+ Nc6 11. O-O Bd6 12. Nbd2 O-O 13. Nc4 a6 {½-½ (39) Leite,C (2165)-Fernando,D (2467) Torres Vedras 2011}) 8... Be6 9. Nb5 Qb8 10. Qe4 Nf6 11. Qh4 Nc6 12. Nf3 Be7 13. O-O Ng4 14. Bg5 f6 15. h3 fxg5 16. Qh5+ Kf8 17. hxg4 a6 18. Na3 e4 19. Bxe4 Qf4 20. Bf5 Bf7 21. Qh2 g6 22. Qxf4 gxf4 $16 23. Be4 Kg7 24. Nc2 Rad8 25. Rfe1 Rhe8 26. Bxc6 bxc6 27. Ncd4 Rd6 28. b4 Bf6 29. Rxe8 Bxe8 30. Re1 Bf7 31. g5 Bxd4 32. Nxd4 Bxa2 33. Re7+ Kg8 34. Kh2 Rd5 35. Re4 Rxg5 36. Nxc6 Kg7 37. Nd4 Bd5 38. Ne6+ Bxe6 39. Rxe6 a5 40. Re4 axb4 41. cxb4 Rf5 42. Rc4 g5 1/2-1/2

[Event "World Junior U20 Girls 2018"]
[Site "Gebze"]
[Date "2018.09.13"]
[Round "9"]
[White "Paramzina, Anastasya"]
[Black "Tokhirjonova, Gulrukhbegim"]
[Result "0-1"]
[ECO "C55"]
[WhiteElo "2222"]
[BlackElo "2369"]
[Annotator "NA"]
[PlyCount "74"]
[EventDate "2018.09.05"]
[EventType "swiss"]
[EventCountry "TUR"]
[SourceTitle "playchess.com"]
[Source "ChessBase"]
[SourceQuality "1"]
[TimeControl "40/5400+30:1800+30"]

1. e4 e5 2. Nf3 Nc6 3. Bc4 Nf6 4. d3 h6 5. O-O d6 6. c3 g5 {[%emt 0:00:30] C55: Two Knights: 4 d3, 4 d4 exd4 5 e5 and Max Lange Attack} 7. Be3 (7. a4 Bg7 8. Re1 O-O 9. h3 d5 10. exd5 Nxd5 11. Nbd2 a6 12. Ne4 Nf4 13. a5 b5 14. axb6 cxb6 {1-0 (43) Karjakin,S (2782)-Mamedyarov,S (2808) Paris 2018}) 7... Bg7 {[%emt 0:00:30] LiveBook: 3 Games} 8. Nbd2 Ne7 $146 ({Predecessor:} 8... O-O 9. d4 exd4 10. Nxd4 Ne5 11. Be2 Neg4 12. Bxg4 Bxg4 13. Qc2 Re8 14. c4 {0-1 (48) Fossan,E (2342)-Hammer,J (2621) Norway 2018}) 9. d4 Ng6 10. dxe5 dxe5 {[%emt 0:00:30] [#]} 11. Qb3 $1 O-O 12. Bc5 g4 13. Bxf8 Qxf8 14. Ne1 c6 15. a4 h5 16. Nd3 Bh6 17. Rad1 h4 18. Qb4 Qd8 19. Nb3 ({Better is} 19. Kh1 $16) 19... Qc7 20. Nd2 h3 21. g3 b6 22. f3 Bb7 $16 23. Qb3 Rd8 24. fxg4 Qe7 25. Bxf7+ Kg7 26. Nf3 Be3+ 27. Kh1 c5 28. Bxg6 Nxe4 29. Bxe4 Bxe4 30. Nde1 Rf8 31. Qc4 Bc6 32. Qe2 Qg5 33. Nc2 Qxg4 34. Nxe3 Rxf3 35. Kg1 Rxg3+ 36. hxg3 Qxe2 37. Nf5+ Kh7 0-1

[Event "World Junior U20 Girls 2018"]
[Site "Gebze"]
[Date "2018.09.13"]
[Round "9"]
[White "Altantuya, Boldbaatar"]
[Black "Zhu, Jiner"]
[Result "0-1"]
[ECO "E69"]
[WhiteElo "2210"]
[BlackElo "2364"]
[Annotator "NA"]
[PlyCount "86"]
[EventDate "2018.09.05"]
[EventType "swiss"]
[EventCountry "TUR"]
[SourceTitle "playchess.com"]
[Source "ChessBase"]
[SourceQuality "1"]
[TimeControl "40/5400+30:1800+30"]

1. d4 Nf6 2. c4 g6 3. Nc3 Bg7 4. Nf3 O-O 5. g3 d6 6. Bg2 c6 7. O-O Qa5 8. h3 e5 9. e4 Nbd7 10. Re1 exd4 11. Nxd4 Ne5 12. Bf1 Re8 {[%emt 0:06:30] LiveBook: 295 Games} 13. Be3 Qc7 {[%emt 0:06:30] E69: King's Indian: Fianchetto: 6...Nbd7 7 0-0 e5 8 e4 c6 9 h3} (13... Be6 14. Nxe6 Rxe6 15. Kg2 Ned7 16. Qd2 Rae8 17. Rab1 Qc7 18. f3 a6 19. Rbd1 b5 20. cxb5 axb5 21. Ne2 d5 22. Nd4 dxe4 23. Nxe6 exf3+ 24. Kxf3 Rxe6 {1-0 (47) Bacallao Alonso,Y (2605)-Almeida Quintana,O (2526) Havana 2018}) 14. Rc1 a5 $146 ({Predecessor:} 14... b6 15. b3 Bb7 16. Bg2 Rad8 17. Qd2 a6 {½-½ (17) Mehlhorn,U (2098)-Koch,H (2101) GER email 2013}) 15. b3 Ned7 16. Qc2 Nc5 17. Bg2 Bd7 18. a3 Qc8 19. Kh2 Re5 20. g4 (20. f3 $14) 20... Qf8 21. Rcd1 Ree8 22. Bf4 Rad8 23. Ndb5 Bxg4 24. Bxd6 Bxd1 25. Rxd1 Rxd6 26. Nxd6 Rd8 27. e5 Ng4+ 28. hxg4 Bxe5+ 29. Kg1 Rxd6 30. Re1 Re6 $19 31. Rd1 Re8 32. Ne4 Ne6 33. g5 Qe7 34. Qd2 Rd8 35. Qe1 Rxd1 36. Qxd1 Nxg5 37. Nxg5 Qxg5 38. Kf1 h5 39. Qd7 Qc1+ 40. Ke2 Qb2+ 41. Ke3 Qxb3+ 42. Ke4 Bf6 43. Bf1 Qxa3 0-1

[Event "World Junior U20 Girls 2018"]
[Site "Gebze"]
[Date "2018.09.13"]
[Round "9"]
[White "Ghukasyan, Siranush"]
[Black "Gomez Barrera, Javiera Belen"]
[Result "1/2-1/2"]
[ECO "C84"]
[WhiteElo "2205"]
[BlackElo "2035"]
[Annotator "NA"]
[PlyCount "97"]
[EventDate "2018.09.05"]
[EventType "swiss"]
[EventCountry "TUR"]
[SourceTitle "playchess.com"]
[Source "ChessBase"]
[SourceQuality "1"]
[TimeControl "40/5400+30:1800+30"]

1. e4 e5 2. Nf3 Nc6 3. Bb5 a6 4. Ba4 Nf6 5. d4 exd4 6. O-O Be7 7. e5 Ne4 8. Nxd4 Nxd4 9. Qxd4 Nc5 10. Nc3 Nxa4 {[%emt 0:02:30] LiveBook: 12 Games} 11. Nxa4 O-O 12. Bf4 b5 13. Nc3 Bb7 {[%emt 0:00:30] C84: Closed Ruy Lopez: Unusual White 6th moves} 14. Rad1 Bc6 15. Nd5 Re8 {[%emt 0:08:30] [#]} 16. Rfe1 $146 ({Predecessor:} 16. Rd3 Bf8 17. Bg3 Qc8 18. Nf6+ gxf6 19. Bh4 Re6 20. Rg3+ Kh8 21. Qg4 {1-0 (34) Marjanovic,S (2505)-Yilmaz,T (2375) Pucarevo 1987}) 16... Bxd5 (16... Bf8 $14) 17. Qxd5 d6 {[%emt 0:00:04] [#]} 18. exd6 (18. e6 $1 $16 f6 19. h4) 18... Bxd6 19. Bxd6 Qxd6 20. Qxa8 Rxa8 21. Rxd6 cxd6 22. Re7 Rc8 23. Rb7 Kf8 24. c3 Rc6 25. Kf1 g6 26. Ke2 Kg7 27. Kd3 Kf6 28. a4 bxa4 29. Rb4 a3 30. b3 Rc5 31. Ra4 Rd5+ 32. Kc2 Re5 33. Kd2 Rd5+ 34. Kc1 Rc5 35. c4 a5 36. Kd2 d5 37. Kd3 dxc4+ 38. bxc4 Ke5 39. Rxa3 h5 40. Ra2 Kd6 41. h4 $11 Rf5 42. g3 f6 43. f4 Rc5 44. Kd4 g5 45. Rb2 gxh4 46. gxh4 Rf5 47. Ke4 Rc5 48. Kd4 Rf5 49. Ke4 1/2-1/2

[Event "World Junior U20 Girls 2018"]
[Site "Gebze"]
[Date "2018.09.13"]
[Round "9"]
[White "Kubicka, Anna"]
[Black "Diakonova, Ekaterina"]
[Result "0-1"]
[ECO "B06"]
[WhiteElo "2204"]
[BlackElo "2243"]
[Annotator "NA"]
[PlyCount "118"]
[EventDate "2018.09.05"]
[EventType "swiss"]
[EventCountry "TUR"]
[SourceTitle "playchess.com"]
[Source "ChessBase"]
[SourceQuality "1"]
[TimeControl "40/5400+30:1800+30"]

1. e4 g6 2. d4 Bg7 3. Nc3 c6 4. Bc4 d5 5. exd5 b5 {[%emt 0:00:00] B06: Modern Defence} 6. Bd3 (6. Bb3 b4 7. Nce2 cxd5 8. a3 bxa3 9. Rxa3 Nf6 10. Nf3 O-O 11. O-O Nc6 12. Ne5 Bb7 13. Nd3 Ne4 14. c3 Na5 15. Bc2 Nc4 16. Ra2 e6 17. Ng3 Ned6 18. Re1 Bc6 19. Bf4 Re8 {½-½ (113) Korobov,A (2692)-Shtembuliak,E (2478) Rivne 2016}) 6... b4 7. Nce2 Qxd5 8. Nf3 Bg4 9. Nf4 Qd8 $146 ({Predecessor:} 9... Qa5 10. Be2 Nd7 11. O-O Rd8 12. h3 Bf5 13. Bd3 {0-1 (38) Quagliarella,S (1917)-Okhotnik,V (2447) Omegna 2009}) 10. h3 (10. O-O $16) 10... Bxf3 $1 11. Qxf3 Nf6 12. Be3 Qa5 13. O-O O-O 14. a3 Rd8 15. Rfb1 Nd5 16. Nxd5 cxd5 17. axb4 Qxb4 18. c3 Qb6 19. Qe2 Qc7 20. Bg5 Re8 21. Bb5 Nd7 22. Qf3 e6 23. Ra6 Qb7 24. Qd3 Rab8 25. Bc6 Qc7 26. Qg3 Qc8 27. Rba1 e5 28. Qg4 Re6 29. Bxd7 Qxd7 30. Rxa7 Qe8 31. dxe5 Bxe5 {[%emt 0:06:30] [#]} 32. R7a2 $1 Bd6 33. Be3 Re4 34. Qf3 h5 35. Ra6 Be5 36. Rb6 h4 37. Rxb8 Bxb8 38. Kf1 Qb5+ 39. Qe2 Qb7 40. b4 Be5 41. Ra7 Qc6 42. Qf3 f5 43. Qe2 f4 44. Ra6 Qxc3 45. Rxg6+ Bg7 46. Qb5 Qa1+ 47. Ke2 Qa2+ 48. Kf3 fxe3 49. fxe3 Re7 50. Rg4 Qa8 51. Rxh4 d4+ 52. e4 Qa3+ 53. Ke2 Qe3+ 54. Kd1 Qg1+ 55. Ke2 Qxg2+ 56. Kd1 Qg1+ 57. Ke2 Qe3+ 58. Kd1 $19 Qb3+ 59. Ke1 Qg3+ 0-1